 Dungeon Crawl Stone Soup version 0.28-a0-1510-gd0f6b136d3 (webtiles) character file.

Game seed: 5779853364527405740

781 avis the Grave Robber (level 7, 0/62 HPs)
             Began as a Deep Dwarf Necromancer on Jan 16, 2022.
             Slain by an ogre (21 damage)
             ... on level 5 of the Dungeon.
             The game lasted 00:31:51 (6146 turns).

avis the Grave Robber (Deep Dwarf Necromancer)      Turns: 6146, Time: 00:31:52

Health: 0/62       AC:  3    Str: 11    XL:     7   Next: 55%
Magic:  3/11       EV: 12    Int: 18    God:
Gold:   148        SH:  0    Dex: 13    Spells: 8/12 levels left

rFire   . . .      SeeInvis .   b - +2 short sword (vamp)
rCold   . . .      Faith    .   (no shield)
rNeg    . . .      Spirit   .   v - +0 leather armour {rPois}
rPois   +          Reflect  .   (no helmet)
rElec   .          Harm     .   (no cloak)
rCorr   .          Rampage  .   (no gloves)
Will    +....                   (no boots)
Stlth   +++.......              (no amulet)
HPRegen 0.00/turn               B - ring of wizardry
MPRegen 0.12/turn               (no ring)

@: no status effects
A: damage resistance, heal wounds, sense surroundings 1, no regeneration
a: Heal Wounds


You were on level 5 of the Dungeon.
You visited 1 branch of the dungeon, and saw 5 of its levels.

You collected 148 gold pieces.

Inventory:

Hand Weapons
 a - the +11 rapier "Kekir" {holy, Fly rElec Dex+2}
   (You took it off a hobgoblin on level 2 of the Dungeon)

   It has been blessed by the Shining One to cause great damage to the undead
   and demons.
   Dex:       It affects your dexterity (+2).
   rElec:     It insulates you from electricity.
   Fly:       It grants you flight.
 b - a +2 vampiric short sword (weapon)
 m - a +0 hunting sling
 u - a +2 dagger of venom
Missiles
 c - 98 stones
 f - a throwing net
 q - 52 bolts
 r - 4 poisoned darts
 y - 10 arrows
 z - 44 sling bullets
 E - 2 boomerangs
Armour
 v - a +0 leather armour of poison resistance (worn)
 C - a +0 kite shield
Jewellery
 B - a ring of wizardry (left hand)
Wands
 p - a wand of paralysis (11)
Scrolls
 e - a scroll of enchant armour {unknown}
 h - a scroll of teleportation {unknown}
 i - a scroll of magic mapping {unknown}
 j - 7 scrolls of identify {unknown}
 k - a scroll of holy word {unknown}
 w - a scroll of enchant weapon {unknown}
 x - a scroll of amnesia {unknown}
 D - a scroll of fog {unknown}
Potions
 d - 4 potions of curing {unknown}
 g - a potion of haste {unknown}
 l - a potion of might {unknown}
 n - a potion of ambrosia {unknown}
 o - a potion of lignification {unknown}
 s - a potion of degeneration {unknown}
 t - a potion of heal wounds {unknown}
 A - a potion of invisibility {unknown}


   Skills:
 - Level 3.0 Fighting
 - Level 3.0 Short Blades
 * Level 2.9 Armour
 - Level 3.0 Dodging
 - Level 5.0 Stealth
 - Level 3.0 Spellcasting
 - Level 6.0 Necromancy


You had 8 spell levels left.
You knew the following spells:

 Your Spells              Type           Power      Damage    Failure   Level
a - Pain                  Necr           96%        1d8       1%          1
d - Vampiric Draining     Necr           24%        2d7       2%          3

Your spell library contained the following spells:

 Spells                   Type           Power      Damage    Failure   Level
 Animate Skeleton         Necr           48%        N/A       1%          1
 Corpse Rot               Necr/Air       26%        N/A       3%          2
 Animate Dead             Necr           12%        N/A       7%          4
 Slow                     Hex            8%         N/A       9%          1
 Poisonous Vapours        Pois/Air       4%         N/A       12%         2
 Agony                    Necr           24%        N/A       19%         5
 Confusing Touch          Hex            2%         N/A       24%         3
 Freezing Cloud           Conj/Ice/Air   1%         6-21      89%         5
 Simulacrum               Ice/Necr       6%         N/A       97%         6
 Polar Vortex             Ice            1%         N/A       100%        9


Dungeon Overview and Level Annotations

Branches:
Dungeon (5/15)
 Temple: D:4-7

Altars:
Xom
The Shining One

Shops:
D:4 *

Annotations:
D:5 Edmund


Innate Abilities, Weirdness & Mutations

You are resistant to damage.
You can heal yourself by infusing magical energy.
You passively map a small area around you.
You do not regenerate.


Message History

You float gracefully downwards.
The +11 rapier "Kekir" {holy, Fly rElec Dex+2} stops glowing.
You feel a sense of dread.
b - a +2 vampiric short sword (weapon)
You start resting.
Magic restored.
c - 98 stones (gained 17)
An ogre comes into view. It is wielding a +0 giant spiked club.
You feel the dreadful sensation subside.
You feel agile.
You fly up into the air.
The +11 rapier "Kekir" {holy, Fly rElec Dex+2} softly glows with a divine radiance!
a - the +11 rapier "Kekir" (weapon)
{holy, Fly rElec Dex+2} The ogre shouts!
Casting: Vampiric Draining (dangerous; 2% risk of failure)
Confirm with . or Enter, or press ? or * to list all spells.
Aiming: Vampiric Draining (dangerous; 2% risk of failure)
Press: ? - help, Shift-Dir - straight line, f - ogre
Aim: an ogre, wielding a +0 giant spiked club You draw life force from the ogre.
You feel life coursing into your body. The ogre barely misses you.
Casting: Vampiric Draining (dangerous; 2% risk of failure)
Confirm with . or Enter, or press ? or * to list all spells.
Aiming: Vampiric Draining (dangerous; 2% risk of failure)
Press: ? - help, Shift-Dir - straight line, f/p - ogre
Aim: an ogre, wielding a +0 giant spiked club (lightly wounded)
You draw life force from the ogre!
You feel life coursing into your body. The ogre completely misses you.
Casting: Vampiric Draining (dangerous; 2% risk of failure)
Confirm with . or Enter, or press ? or * to list all spells.
Aiming: Vampiric Draining (dangerous; 2% risk of failure)
Press: ? - help, Shift-Dir - straight line, f/p - ogre
Aim: an ogre, wielding a +0 giant spiked club (heavily wounded)
You draw life force from the ogre!
You feel life coursing into your body.
You float gracefully downwards.
The +11 rapier "Kekir" {holy, Fly rElec Dex+2} stops glowing.
You feel a sense of dread.
b - a +2 vampiric short sword (weapon)
The ogre hits you with a +0 giant spiked club!!
You die...

*, , ,,* ..# .## #######
#.# * ,##.##### ,#....<#,
#.# #..##... #.##### *
#.##, ,##.##.## , , , ,
#.<# * #..#.# *
########..# * #)##.# * ,
..........# ##.#.# *
##########.#, #....#
.......@O..##########.#
**##########..........#.#
, , ,#.###.#....#.#
####### #.# #.######.# ,
#....<# #.# #........#
#........#.# ##########
##########.# , ..# * *
#.*


You could see an ogre.

Vanquished Creatures
  A yak (D:5)
  A black bear (D:5)
  An ogre (D:4)
  A scorpion (D:4)
  A centaur zombie (D:5)
  A hound (D:5)
  A jelly (D:4)
  2 iguanas (D:4)
  3 orc wizards
  3 gnolls
  8 adders
  An adder zombie (D:5)
  An adder skeleton (D:4)
  A worm (D:4)
  9 orcs
  8 ball pythons
  An endoplasm (D:4)
  7 goblins
  4 hobgoblins
  3 jackals (D:4)
  3 kobolds
  3 quokkas
  6 bats
  9 rats
79 creatures vanquished.

Notes
Turn   | Place    | Note
-------+----------+-------------------------------------------
     0 | D:1      | avis the Deep Dwarf Necromancer began the quest for the
                  | Orb.
     0 | D:1      | Reached XP level 1. HP: 15/15 MP: 3/3
   333 | D:1      | Reached skill level 1 in Fighting
   442 | D:1      | Reached XP level 2. HP: 23/25 MP: 2/4
  1553 | D:2      | Reached XP level 3. HP: 30/31 MP: 3/6
  1585 | D:2      | Learned a level 3 spell: Vampiric Draining
  1715 | D:2      | Reached skill level 5 in Necromancy
  1928 | D:2      | Found a faded altar of an unknown god.
  2255 | D:2      | Reached XP level 4. HP: 39/39 MP: 3/7
  2562 | D:2      | Identified the +11 rapier "Kekir" {holy, Fly rElec Dex+2}
  4036 | D:3      | Reached skill level 1 in Short Blades
  4036 | D:3      | Reached XP level 5. HP: 14/45 MP: 2/9
  4512 | D:4      | Found a shimmering altar of Xom.
  4512 | D:4      | Found a glowing golden altar of the Shining One.
  4620 | D:4      | HP: 1/45 [orc (4)]
  4637 | D:4      | Reached XP level 6. HP: 6/52 MP: 2/10
  5227 | D:4      | Found Xiryth's Assorted Antiques.
  5276 | D:4      | Reached skill level 6 in Necromancy
  5451 | D:4      | Reached skill level 5 in Stealth
  5683 | D:5      | Entered Level 5 of the Dungeon
  5908 | D:5      | Reached XP level 7. HP: 59/62 MP: 7/11
  5917 | D:5      | Reached skill level 1 in Armour
  5970 | D:5      | Noticed Edmund
  5970 | D:5      | Noticed a yak
  5970 | D:5      | Noticed a yak
  6007 | D:5      | Killed a yak
  6146 | D:5      | Slain by an ogre

Illustrated notes

Levels and vault maps discovered:
D:1:      dpeg_arrival_circle_labyrinth_c, layout_loops_ring
D:2:      layout_basic, hellmonk_ecumenical_altar_lost_god
D:3:      layout_basic
D:4:      layout_loops_corners, gammafunk_temple_overflow_wave, serial_shops,
          nicolae_shop_temple_entry_statues_fountains
D:5:      minmay_angry_zag, layout_basic, minmay_temple_entry_slanted,
          uniq_prince_ribbit1, uniq_crazy_yiuf_cottage, uniq_edmund

Skill      XL: |  1  2  3  4  5  6  7 |
---------------+----------------------+-----
Stealth        | 3 4 5 |  5.0
Fighting       | 1 2 3 |  3.0
Spellcasting   | 2 3 |  3.0
Necromancy     | 5 6 |  6.0
Short Blades   | 1 2 3 |  3.0
Armour         | 2 |  2.9
Dodging        | 3 |  3.0

Action                   |  1- 3 |  4- 6 |  7- 9 || total
-------------------------+-------+-------+-------++-------
Melee: Short sword       |    21 |    44 |     6 ||    71
       Rapier            |       |    21 |     7 ||    28
       Punch             |       |       |     1 ||     1
 Cast: Pain              |    54 |    24 |     4 ||    82
       Vampiric Draining |       |    35 |     6 ||    41
 Abil: Heal Wounds       |       |     1 |       ||     1
 Stab: Sleeping          |     1 |     3 |       ||     4
Armor: Robe              |     8 |     1 |       ||     9
       Leather armour    |       |    12 |     5 ||    17
Dodge: Dodged            |    26 |    40 |    10 ||    76

Table legend: (Time is in decaauts)
 A = Elapsed time spent in this place.
 B = Non-inter-level travel time spent in this place.
 C = Inter-level travel time spent in this place.
 D = Time resting spent in this place.
 E = Time spent auto-exploring this place.
 F = Levels seen in this place.
 G = Mean time per level.
                   A        B        C        D        E       F      G
               +--------+--------+--------+--------+--------+-----+--------+
         Total |   6152 |   5527 |    625 |   1908 |   2691 |   5 | 1230.4 |
       Dungeon |   6152 |   5527 |    625 |   1908 |   2691 |   5 | 1230.4 |
               +--------+--------+--------+--------+--------+-----+--------+

Top non-repeatable levels by time:
     D:4: 1778 daAuts
     D:2: 1518 daAuts
     D:3: 1374 daAuts
     D:1: 1144 daAuts
     D:5: 337 daAuts
